Map: Catallena LE (Void)

Players

jdc - Winner!

  • Race: Terran Terran
  • League: Platinum
  • Spawn Location: 9:00

Juxtapose

  • Race: Zerg Zerg
  • League: Gold
  • Spawn Location: 5:00

VOD

https://youtu.be/PzSmal4Qq3g

Description

While I've seen it done, I've never faced a Hellion harass before and simply wasn't expecting it. The damage that did sealed the rest of the match for me.

Time

  • Played on: Oct. 8, 2017, 6:42 p.m.
  • Length: 9:40
Show
View Real Time Build Order
Export as new Build Order

jdc Terran - Winner!

Build Orders: Reaper Expand 

Get SALT Encoding   

  12  0:16  SCV  
  13  0:23  Supply Depot  
  13  0:28  Refinery, SCV  
  14  0:40  SCV  
  15  0:56  SCV  
  16  0:58  Barracks  
  16  1:08  SCV  
  17  1:20  SCV  
  18  1:32  SCV  
  20  1:49  Orbital Command  
  19  1:55  Command Center  
  19  2:02  Reaper  
  20  2:09  Refinery  
  20  2:16  SCV  
  20  2:18  Supply Depot  
  21  2:28  SCV  
  22  2:35  Factory  
  22  2:36  Barracks Reactor  
  22  2:50  SCV  
  23  3:03  SCV  
  24  3:17  Factory  
  24  3:23  Orbital Command  
  24  3:24  SCV  
  25  3:27  Refinery  
  25  3:32  Barracks Tech Lab  
  24  3:36  Armory  
  24  3:39  SCV  
  25  3:42  Hellion x2  
  29  3:55  Starport  
  29  4:02  Barracks Tech Lab  
  29  4:03  Hellion  
  29  4:05  Hellion, SCV  
  29  4:08  SCV  
  35  4:14  Infernal Pre-Igniter  
  35  4:17  SCV  
  35  4:21  Hellion  
  38  4:27  Terran Vehicle Weapons Level 1  
  38  4:31  SCV x2  
  39  4:36  Hellion, Refinery  
  42  4:47  Supply Depot  
  42  4:48  Hellion  
  44  4:57  SCV  
  45  5:02  Supply Depot  
  45  5:04  SCV  
  46  5:08  Siege Tank  
  49  5:17  Barracks Tech Lab, SCV  
  50  5:21  Banshee  
  50  5:22  Cloaking Field  
  50  5:27  Supply Depot  
  53  5:28  Supply Depot  
  53  5:30  Hellion x2  
  51  5:58  Hellion x3  
  57  6:04  Liberator  
  55  6:16  SCV  
  55  6:17  SCV  
  51  6:19  Siege Tank  
  57  6:28  SCV  
  57  6:29  SCV  
  57  6:32  Supply Depot  
  59  6:33  Terran Vehicle And Ship Armor Level 1  
  59  6:38  Engineering Bay  
  59  6:41  SCV x2  
  61  6:56  SCV  
  61  6:57  Siege Tank, Widow Mine, SCV  
  61  6:59  Hellion  
  70  7:29  Siege Tank  
  70  7:32  SCV x2  
  70  7:36  Recalibrated Explosives  
  72  7:40  Hellion x2  
  76  7:47  Armory  
  76  7:50  Starport  
  76  7:54  Command Center  
  76  7:55  Liberator  
  76  7:56  SCV  
  76  7:57  SCV  
  78  8:01  Missile Turret  
  78  8:02  Siege Tank  
  78  8:04  Missile Turret  
  78  8:05  Missile Turret  
  81  8:09  Barracks Tech Lab  
  84  8:28  Hellion  
  84  8:34  Hellion  
  88  8:36  Supply Depot  
  88  8:37  Supply Depot  
  88  8:50  Hellion  
  88  8:55  Hellion  
  92  9:11  Hellion  
Show
View Real Time Build Order
Export as new Build Order

Juxtapose Zerg 

Build Orders: Pool First 

Get SALT Encoding   

  12  0:04  Drone  
  13  0:13  Overlord  
  13  0:24  Drone  
  14  0:32  Drone x2  
  16  0:42  Spawning Pool  
  16  0:46  Drone  
  16  0:50  Drone  
  16  0:56  Extractor  
  16  0:59  Overlord  
  16  1:11  Drone  
  17  1:22  Drone  
  18  1:32  Zergling x2  
  19  1:41  Drone  
  20  1:53  Hatchery  
  19  1:56  Drone  
  20  2:03  Drone  
  20  2:05  Metabolic Boost  
  21  2:13  Drone  
  21  2:14  Queen  
  24  2:33  Zergling x2  
  24  2:35  Extractor  
  24  2:49  Zergling x2  
  24  2:50  Zergling x2  
  25  2:56  Queen  
  27  3:06  Drone  
  27  3:07  Queen, Drone  
  31  3:18  Drone  
  32  3:29  Drone x2  
  32  3:30  Drone  
  35  3:39  Drone  
  36  3:47  Overlord  
  36  3:48  Lair  
  36  4:00  Overlord  
  36  4:04  Roach Warren  
  36  4:09  Evolution Chamber  
  34  4:16  Drone x3  
  37  4:22  Drone x3  
  40  4:29  Pneumatized Carapace  
  40  4:44  Drone x2  
  42  4:46  Drone x2  
  42  4:49  Drone x3  
  47  4:53  Extractor  
  47  4:56  Infestation Pit  
  47  4:59  Burrow  
  45  5:03  Drone  
  45  5:04  Roach  
  45  5:05  Roach x2  
  45  5:06  Overlord x2  
  52  5:08  Zerg Missile Weapons Level 1  
  52  5:24  Extractor  
  52  5:26  Queen  
  41  6:00  Drone  
  37  6:08  Roach x6  
  37  6:09  Roach x2  
  49  6:17  Drone x3  
  52  6:25  Drone x3  
  53  6:31  Infestor  
  57  6:41  Overseer  
  53  7:29  Drone x5  
  59  7:30  Drone x3  
  59  7:32  Spore Crawler  
  59  7:37  Queen  
  60  7:41  Swarm Host x2  
  60  7:43  Overlord  
  60  7:44  Overlord x3  
  68  7:54  Overlord x2  
  68  8:02  Pathogen Glands  
  68  8:05  Drone x5  
  73  8:18  Spore Crawler  
  72  8:25  Drone x6  
Tags
 
Add a new tag
Caveats
  • Supply blocks, unpowered buildings, or Contaminate may cause inaccurate times.
  • Supply counts are checked every 10 seconds.